 Dungeon Crawl Stone Soup version 0.20-a0-1124-g2e29d97 (webtiles) character file.

60 Naow the Firebug (level 4, 0/27 HPs)
             Began as an Octopode Fire Elementalist on May 16, 2017.
             Succumbed to an adder's poison
             ... on level 2 of the Dungeon.
             The game lasted 00:02:22 (1882 turns).

Naow the Firebug (Octopode Fire Elementalist)       Turns: 1882, Time: 00:02:23

Health: 0/27       AC:  1    Str:  7    XL:     4   Next: 6%
Magic:  2/8        EV: 13    Int: 23    God:
Gold:   44         SH:  0    Dex: 12    Spells: 7/8 levels left

rFire    . . .     SeeInvis +   (no weapon)
rCold    . . .     Gourm    .   (no shield)
rNeg     . . .     Faith    .   (helmet restricted)
rPois    .         Spirit   .   (no amulet)
rElec    .         Reflect  .   l - ring of resist corrosion (curse)
rCorr    +         Harm     .   n - ring of see invisible
MR       .....                  (no ring)
Stlth    +++.......             (no ring)
Regen    0.1/turn               (no ring)
MPRegen  0.2/turn               (no ring)
                                (no ring)
                                (no ring)

@: brilliant, lethally poisoned (0 -> -4), flying, very slightly contaminated
A: almost no armour, stealthy swim, amphibious, 8 rings, constrict 8, camouflage
1, gelatinous body 1
a: no special abilities


You were on level 2 of the Dungeon.
You were not hungry.

You visited 1 branch of the dungeon, and saw 2 of its levels.

You collected 44 gold pieces.

Inventory:

Jewellery
 l - a cursed ring of resist corrosion (left tentacle)
 n - a ring of see invisible (right tentacle)
Scrolls
 d - a scroll of recharging {unknown}
 e - a scroll of magic mapping {unknown}
 g - 2 scrolls of teleportation {unknown}
 h - a scroll of enchant armour {unknown}
 j - a scroll of identify {unknown}
 k - a scroll of fear {unknown}
 o - a scroll of enchant weapon {unknown}
 p - a scroll of amnesia {unknown}
Books
 a - a book of Flames

   Spells                             Type                      Level
   a - Flame Tongue                   Conjuration/Fire             1
   b - Throw Flame                    Conjuration/Fire             2
   c - Conjure Flame                  Conjuration/Fire             3
   d - Inner Flame                    Hexes/Fire                   3
   e - Sticky Flame                   Conjuration/Fire             4
   f - Fireball                       Conjuration/Fire             5
Comestibles
 b - 2 bread rations
 f - 2 royal jellies
 m - 2 chunks of flesh


   Skills:
 - Level 2.0 Dodging
 - Level 2.6 Stealth
 + Level 2.8 Spellcasting
 + Level 2.2 Conjurations
 + Level 3.6 Fire Magic


You had 7 spell levels left.
You knew the following spells:

 Your Spells              Type           Power        Failure   Level  Hunger
a - Flame Tongue          Conj/Fire      ####.        1%          1    None


Dungeon Overview and Level Annotations

Branches:
Dungeon (2/15)

Altars:
Vehumet


Innate Abilities, Weirdness & Mutations

You cannot wear most types of armour.
You are very stealthy in the water. (Stealth+)
You are amphibious.
You can wear up to eight rings at the same time.
You can use your tentacles to constrict eight enemies at once.
Your skin changes colour to match your surroundings (Stealth+).
Your rubbery body absorbs attacks. (AC +1, EV +1)


Message History

You feel very buoyant.
You fly up into the air.
* * * LOW HITPOINT WARNING * * *
You feel sick.
It was a potion of brilliance.
You feel clever all of a sudden.
There is a lethal amount of poison in your body!
* * * LOW HITPOINT WARNING * * *
You feel sick.
There is an open door here.
Items here: ) ††† a whip of venom; a kobold corpse; a rat corpse; an adder corpse
* * * LOW HITPOINT WARNING * * *
You feel sick.
* * * LOW HITPOINT WARNING * * *
You feel sick.
* * * LOW HITPOINT WARNING * * *
You feel sick.
Found a bread ration.
You die...

#.....###.÷#######'#######
#......##.................
#.....##.###.............
#.....)....#.#.###.#.##..
#.....####....>....#..<..
###.....####.##########.#.#
#....[..##...# #.#.#
#.......##.#.#### #.#.#
#.........@....%# .#.#
#........#...#.... ....
#.......###.## # ..
#........ ..# #######..
_... #.. ..#.. ..## .###.#
.. .. ..


There were no monsters in sight!

Vanquished Creatures
  2 adders (D:2)
  4 dart slugs (D:1)
  2 leopard geckos (D:1)
  2 giant cockroaches
  3 goblins (D:2)
  4 hobgoblins (D:1)
  2 jackals (D:2)
  3 kobolds
  5 bats (D:1)
  A frilled lizard (D:1)
  5 rats
33 creatures vanquished.

Notes
Turn   | Place    | Note
-------+----------+-------------------------------------------
     0 | D:1      | Naow the Octopode Fire Elementalist began the quest for the Orb.
     0 | D:1      | Reached XP level 1. HP: 11/11 MP: 3/3
   324 | D:1      | Reached XP level 2. HP: 17/17 MP: 1/5
   960 | D:1      | Reached XP level 3. HP: 21/21 MP: 1/6
  1870 | D:2      | Reached XP level 4. HP: 8/27 MP: 2/8
  1880 | D:2      | HP: 1/27 [poisoned by an adder]
  1882 | D:2      | Found a radiant altar of Vehumet.
  1882 | D:2      | Succumbed to an adder's poison

Vault maps used:
D:1:      erik_arrival_cave_to_civilisation
D:2:      tgw_xom, vehumet_crystals, hangedman_ru_absence, lemuel_round_altar,
          grunt_dithmenos_smoke_and_mirrors, first_bread, minmay_door_square

Skill      XL: |  1  2  3 |
---------------+----------+-----
Conjurations   | 2 |  2.2
Dodging        | |  2.0
Stealth        | |  2.6
Spellcasting   | |  2.8
Fire Magic     | |  3.6

Action                   |  1- 3 |  4- 6 || total
-------------------------+-------+-------++-------
Melee: Unarmed           |    27 |       ||    27
       Constrict         |     5 |       ||     5
       Tentacles         |     3 |       ||     3
 Cast: Flame Tongue      |    54 |     3 ||    57
  Use: Potion            |       |     2 ||     2
 Stab: Sleeping          |     2 |       ||     2
  Eat: Chunk             |     3 |       ||     3
Armor: Skin              |     4 |       ||     4
Dodge: Dodged            |    39 |       ||    39
